 Seeded DCSS version 0.28-a0-1555-g9ae15a6949 (webtiles) character file.

Game seed: 8 (custom seed)

8 knot the Chopper (level 2, 23/24 HPs)
             Began as a Demonspawn Berserker on Jan 19, 2022.
             Was a Follower of Trog.
             Quit the game on level 1 of the Dungeon.
             The game lasted 00:00:23 (339 turns).

knot the Chopper (Demonspawn Berserker)              Turns: 339, Time: 00:00:23

Health: 23/24      AC:  5    Str: 17    XL:     2   Next: 0%
Magic:  2/2        EV: 12    Int:  8    God:    Trog [*.....]
Gold:   0          SH:  4    Dex: 12    Spells: 1/1 levels left

rFire   . . .      SeeInvis .   a - +0 hand axe
rCold   . . .      Faith    .   (no shield)
rNeg    . . .      Spirit   .   b - +0 animal skin
rPois   .          Reflect  .   e - +0 helmet
rElec   .          Harm     .   d - +1 cloak
rCorr   .          Rampage  .   (no gloves)
Will    .....                   (no boots)
Stlth   +.........              (no amulet)
HPRegen 0.08/turn               (no ring)
MPRegen 0.08/turn               (no ring)

@: no status effects
A: condensation shield
a: Renounce Religion, Berserk


You were on level 1 of the Dungeon.
You worshipped Trog.
Trog was aware of your devotion.
You visited 1 branch of the dungeon, and saw 1 of its levels.

Inventory:

Hand Weapons
 a - a +0 hand axe (weapon)
Missiles
 c - 18 stones (quivered)
Armour
 b - a +0 animal skin (worn)
 d - a +1 cloak (worn)
 e - a +0 helmet (worn)
Scrolls
 f - a scroll of enchant armour {unknown}
 g - a scroll of fog {unknown}


   Skills:
 - Level 3.0 Fighting
 + Level 3.2 Axes
 - Level 1.7 Armour
 - Level 1.7 Dodging


You had one spell level left.
You didn't know any spells.
Your spell library was empty.

Dungeon Overview and Level Annotations

Branches:
Dungeon (1/15)

Altars:


Innate Abilities, Weirdness & Mutations

A meltable shield of frost defends you. (SH +4)


Message History

g - a scroll labelled GUGESA ENEXU You see here a frilled lizard corpse.
A rat comes into view.
A rat is nearby!
A hobgoblin comes into view.
Found a scroll labelled QUDOXA SIHO.
The hobgoblin shouts!
You hear a shout!
A quokka comes into view.
The rat twitches its whiskers.
A kobold comes into view. It is wielding a +0 short sword.
You closely miss the rat. The rat bites you but does no damage.
A ball python comes into view.
You barely miss the rat. The rat barely misses you. The rat bites you.
You hit the rat.
You kill the rat!
Trog accepts your kill.
Your Axes skill increases to level 3!
You hit the hobgoblin.
The hobgoblin is severely wounded.
The hobgoblin closely misses you.
You hit the hobgoblin.
You kill the hobgoblin!
Trog accepts your kill.
You closely miss the quokka. The quokka closely misses you.
The quokka barely misses you.
You barely miss the quokka. You miss the kobold.
The quokka bites you but does no damage.
The kobold closely misses you.
You hit the quokka.
You kill the quokka!
Trog accepts your kill.
You barely miss the kobold. The kobold barely misses you.
You hit the kobold but do no damage. You hit the ball python.
You kill the ball python!
Trog accepts your kill. The kobold closely misses you.
You have reached level 2!
Your demonic ancestry asserts itself...
Frost condenses into a shield before you.
Are you sure you want to abandon this character and quit the game? (Confirm with "yes".)

##........
#.........
#......... ###
.........
............
#.#.....?..
#..†K......
#@..# ..# #.###
..+
#####.######
..########
#............
..# ..##.....#
#.#######+###
###.#
..##.....#.#.#
..#.#
..##...###.#.#
###########.#.#
..###......#.#
#.........#.#.#
..# ##...###.#
#.###.###.#.#.#


You could see a kobold.

Vanquished Creatures
  A ball python (D:1)
  2 hobgoblins (D:1)
  A kobold (D:1)
  A quokka (D:1)
  A frilled lizard (D:1)
  A rat (D:1)
7 creatures vanquished.

Notes
Turn   | Place    | Note
-------+----------+-------------------------------------------
     0 | D:1      | knot the Demonspawn Berserker began the quest for the Orb.
     0 | D:1      | Reached XP level 1. HP: 18/18 MP: 1/1
   339 | D:1      | Gained mutation: A meltable shield of frost defends you.
                  | (SH +4) [demonic ancestry]
   339 | D:1      | Reached XP level 2. HP: 23/24 MP: 2/2
   339 | D:1      | Quit the game

Illustrated notes

Levels and vault maps discovered:
D:1:      matt_arrival_refuge, layout_basic, dk_noncrumbling_3

Skill      XL: |  1 |
---------------+----+-----
Axes           | 3 |  3.2
Fighting       | |  3.0
Armour         | |  1.7
Dodging        | |  1.7

Action                   || total
-------------------------++-------
Melee: Hand axe          ||    23
Armor: Animal skin       ||     7
Dodge: Dodged            ||    14

Table legend: (Time is in decaauts)
 A = Elapsed time spent in this place.
 B = Non-inter-level travel time spent in this place.
 C = Inter-level travel time spent in this place.
 D = Time resting spent in this place.
 E = Time spent auto-exploring this place.
 F = Levels seen in this place.
 G = Mean time per level.
                   A        B        C        D        E       F      G
               +--------+--------+--------+--------+--------+-----+--------+
         Total |    342 |    327 |     15 |    180 |     87 |   1 |  342.0 |
       Dungeon |    342 |    327 |     15 |    180 |     87 |   1 |  342.0 |
               +--------+--------+--------+--------+--------+-----+--------+

Top non-repeatable levels by time:
     D:1: 342 daAuts
